 Dungeon Crawl Stone Soup version 0.29.0-4-gdea44cf6ec (webtiles) character file.

Game seed: 10462401568785236502

149274 qw the Peltast (level 16, -5/157 HPs)
             Began as a Minotaur Berserker on Sept 6, 2022.
             Was an Elder of Trog.
             Splashed by a goliath frog's acid (6 damage)
             ... on level 2 of the Swamp.
             The game lasted 00:12:52 (35924 turns).

qw the Peltast (Minotaur Berserker)                Turns: 35924, Time: 00:12:52

Health: -5/157     AC: 21    Str: 33    XL:     16   Next: 96%
Magic:  15/15      EV: 11    Int:  7    God:    Trog [****..]
Gold:   2134       SH: 27    Dex: 10    Spells: 15/15 levels left

rFire   + + .      SeeInvis +   Y - +5 broad axe
rCold   + . .      Faith    .   y - +2 tower shield
rNeg    . . .      Spirit   .   r - +0 chain mail of the Eight Coins {Will+ Str+3 Slay+6}
rPois   +          Reflect  +   v - +1 hat of Hangman {rPois rF+ Int+3}
rElec   .          Harm     .   o - scarf {rC+ rF+}
rCorr   .          Rampage  .   F - +2 pair of gloves
Will    ++...                   c - +2 pair of boots
Stlth   ..........              g - amulet of reflection
HPRegen 0.36/turn               s - ring of see invisible
MPRegen 0.14/turn               k - +4 ring of protection

@: about to teleport, corroded, on berserk cooldown, slowed, very slow
A: horns 2, retaliatory headbutt
a: Renounce Religion, Berserk, Trog's Hand, Brothers in Arms


You were on level 2 of the Swamp.
You worshipped Trog.
Trog was greatly pleased with you.
You visited 5 branches of the dungeon, and saw 27 of its levels.
You also visited: Gauntlet.

You collected 4368 gold pieces.
You spent 2234 gold pieces at shops.


Innate Abilities, Weirdness & Mutations

You have a pair of horns on your head.
You reflexively headbutt those who attack you in melee.


   Skills:
 - Level 18.0 Fighting
 - Level 18.0 Axes
 - Level 8.0 Throwing
 - Level 15.0 Armour
 - Level 8.0 Dodging
 + Level 19.6 Shields


You had 15 spell levels left.
You didn't know any spells.
Your spell library was empty.

Inventory:

Hand Weapons
 m - a -2 demon whip of venom
 Y - a +5 broad axe (weapon)
Missiles
 e - 14 boomerangs
 A - 2 boomerangs of dispersal
 B - 6 javelins (quivered)
Armour
 c - a +2 pair of boots (worn)
 o - a scarf of resistance (worn)
 r - the +0 chain mail of the Eight Coins (worn) {Will+ Str+3 Slay+6}
   (You bought it in a shop on level 1 of the Snake Pit)

   Str:       It affects your strength (+3).
   Slay:      It affects your accuracy & damage with ranged weapons and melee
   (+6).
   Will:      It increases your willpower.
 v - the +1 hat of Hangman (worn) {rPois rF+ Int+3}
   (You acquired it on level 5 of the Lair of Beasts)

   Int:       It affects your intelligence (+3).
   rF:        It protects you from fire.
   rPois:     It protects you from poison.
 x - a +2 plate armour of poison resistance
 y - a +2 tower shield (worn)
 C - a +2 hat
 D - a +2 chain mail of fire resistance
 F - a +2 pair of gloves (worn)
Jewellery
 f - the ring of Diupuwy {Fire Dex+2}
   (You bought it in a shop on level 2 of the Orcish Mines)

   [ring of fire]

   It enhances your fire magic.
   Dex:       It affects your dexterity (+2).
   rF:        It protects you from fire.
   rC:        It makes you vulnerable to cold.
 g - an amulet of reflection (around neck)
 k - a +4 ring of protection (right hand)
 s - a ring of see invisible (left hand)
 u - a ring of protection from fire
 w - a ring of protection from fire
 z - a +4 ring of evasion
 E - a ring of poison resistance
Wands
 d - a wand of digging (14)
Scrolls
 a - 19 scrolls of identify
 h - 5 scrolls of teleportation
Potions
 b - 12 potions of curing
 i - 9 potions of mutation
 j - 6 potions of might
 l - 3 potions of haste
 n - 6 potions of resistance
 t - a potion of cancellation

Dungeon Overview and Level Annotations

Branches:
Dungeon (15/15)            Temple (0/1) D:7            Lair (5/5) D:8
  Swamp (2/4) Lair:2        Snake (3/4) Lair:3        Slime (0/5) Lair:5
    Orc (2/2) D:9             Elf (0/3) Orc:2        Vaults (0/5) D:13
 Depths (0/4) D:15        Gauntlet (visited)

Altars:
Ashenzari
Gozag
Kikubaaqudgha
Makhleb
Okawaru
Trog
Uskayaw
Vehumet
Xom
Yredelemnul
Zin
Jiyva

Shops:
D:7 (   D:9 *   Orc:2 !?!=   Snake:1 =:*[*

Portals:
Abyss: D:4

Annotations:
D:4 2 transporters, qw's ghost, amateur GrFi
D:13 3 runed translucent doors, Iplucs's ghost, journeyman FeBe
Lair:1 1 runed translucent door, qw's ghost, journeyman TrCA
Snake:1 2 transporters


Message History

The goliath frog hits you but does no damage.
You block the goliath frog's attack. The goliath frog hits you!
You are splashed with acid!
You block the goliath frog's attack.
Your unstable footing causes you to fumble your attack.
Your surroundings suddenly seem different.
Splash!
A swamp dragon and 2 swamp worms come into view.
Found 15 gold pieces.
Found a stone staircase leading up.
The swamp dragon roars deafeningly!
You hear a hideous shriek!
A bunyip comes into view.
The swamp dragon moves out of view.
Enter note:
35920 ||| READING 7 scrolls of teleportation.
As you read the scroll of teleportation, it crumbles to dust.
You feel strangely unstable.
The bunyip howls a warning cry!
You block the swamp worm's attack.
The swamp worm fires a harpoon shot at you.
The harpoon shot hits you!
You are yanked forward by the harpoon shot.
Splash!
The swamp worm bites you.
You hear a shout!
Your unstable footing causes you to fumble your attack.
A sourceless malevolence fills the Swamp... and a teleportation trap spontaneously manifests!
You are yanked towards some nearby monsters!
Your surroundings suddenly seem different.
Found a scroll of identify.
Found a stone staircase leading down.
You hear an angry buzzing noise.
The swamp dragon breathes poison at you.
You hear a shout!
You block the goliath frog's attack. x2
You enter the shallow water.
Moving in this stuff is going to be slow.
Your surroundings seem slightly different.
35924 ||| READING 6 scrolls of teleportation.
As you read the scroll of teleportation, it crumbles to dust.
You feel strangely unstable. The goliath frog hits you from afar!
You are splashed with acid.
You die...

7~~~7
7.~~...~~.~.~......?.
77.77
7~~¤~..~~~~...#######
7~7 77~~~~¤7~~..¤.# 7~7
7~~~.~~.~.~..# 7.77
77..~.~~[~.¤..# 7..7
7...~%.%~~~¤..# 7~~7
7.~7~~~~F¤~..# 7.~7
77.~7/~~~..~..#
7..777777..~.¤.@..7~7.#
7...77.77..7777777777.#
7.7~~.7~..77
77.777~~~<.7
7..~.~.~~~77
..~~~¤.~.77 .~~~~..777
~~~.~.77 ~7~..77


You could see a goliath frog.

Vanquished Creatures
  Saint Roka (Snake:3)
  Gastronok (Orc:1)
  Agnes (D:15)
  Donald (Snake:1)
  A nagaraja (Snake:2)
  2 orc warlords
  Aizul (Snake:1)
  2 eleionomae
  Nessos (D:13)
  A minotaur (Gauntlet)
  Snorg (Orc:1)
  A shambling mangrove (Swamp:2)
  2 vault guards (D:13)
  Harold (Lair:2)
  4 hydras
  4 boulder beetles
  A salamander tyrant (Snake:3)
  A ghost crab (Swamp:1)
  2 catoblepae
  6 centaur warriors
  4 naga warriors
  7 two-headed ogres
  4 anacondas
  5 death yaks (Gauntlet)
  2 alligators
  2 tengu warriors (D:15)
  6 orc high priests
  6 shock serpents
  A spriggan (Swamp:1)
  12 naga sharpshooters
  Amaemon (Lair:1)
  A death drake (Swamp:2)
  A goliath frog (Swamp:1)
  A salamander mystic (Snake:2)
  A naga ritualist (Snake:2)
  A spriggan druid (Swamp:1)
  A swamp dragon (Swamp:2)
  4 necromancers
  4 mana vipers
  6 orc knights
  A wizard (D:15)
  6 orc sorcerers
  2 wolf spiders (Lair:5)
  4 cyclopes
  18 slime creatures
  2 deep elf pyromancers (D:15)
  A manticore (D:15)
  6 ugly things (D:14)
  13 salamanders
  2 will-o-the-wisps (Swamp:2)
  A guardian serpent (Lair:5)
  5 elephants (Lair:4)
  35 black mambas
  A gargoyle (D:14)
  8 naga magi
  An orange demon (Lair:1)
  An unseen horror (D:12)
  8 cane toads
  Maggie (Lair:1)
  2 kobold demonologists
  2 yaktaurs (D:13)
  2 centaur skeletons (D:15)
  3 rime drakes
  5 komodo dragons
  10 trolls
  8 hornets
  A polar bear (Lair:1)
  2 tyrant leeches
  3 meliai (D:13)
  Prince Ribbit (Lair:1)
  A queen bee (Lair:2)
  5 dream sheep (Lair:5)
  2 blink frogs (Lair:1)
  5 shadows
  14 wyverns
  A water elemental (D:14)
  A centaur simulacrum (D:15)
  25 yaks
  A hog (shapeshifter) (D:14)
  13 humans (D:13)
  4 basilisks
  2 steam dragons
  2 redbacks (Lair:5)
  27 nagas
  20 vampire mosquitoes
  5 wargs
  6 swamp worms
  3 acid dragons
  15 water moccasins
  48 orc warriors
  3 ice beasts
  3 black bears
  A sky beast (D:7)
  11 ogres
  5 wolves (Lair:2)
  21 centaurs
  5 kobold brigands
  11 bullfrogs
  A gnoll sergeant (D:10)
  A necrophage (D:6)
  4 scorpions
  5 wights (D:7)
  23 killer bees
  2 electric eels
  4 howler monkeys (D:8)
  2 jellies
  2 hounds
  43 orc priests
  3 gnoll boudas
  2 iguanas (D:6)
  31 orc wizards
  5 hell rats (Lair:3)
  A boggart skeleton (D:15)
  28 gnolls
  13 adders
  3 river rats (Lair:3)
  A white imp (D:6)
  An ufetubus (D:6)
  2 worms
  7 dart slugs
  124 orcs
  11 ball pythons
  8 bats
  7 endoplasms
  A giant cockroach (D:4)
  10 goblins
  9 hobgoblins
  4 jackals (D:4)
  4 quokkas
  A frilled lizard (D:1)
  29 kobolds
  12 rats
924 creatures vanquished.

Vanquished Creatures (collateral kills)
  Frances (Swamp:1)
  2 hydras
  An orc high priest (Orc:2)
  A necromancer (D:13)
  An orc knight (Orc:2)
  A cyclops (D:13)
  An ugly thing (D:13)
  A komodo dragon (D:13)
  A tyrant leech (Lair:2)
  A wraith (D:13)
  5 humans (D:13)
  A vampire mosquito (Swamp:1)
  8 orc warriors
  2 ogres (Orc:2)
  A howler monkey (D:13)
  An orc wizard (Orc:2)
  2 orcs (Orc:2)
31 creatures vanquished.

Vanquished Creatures (others)
  A deep elf pyromancer (D:15)
  An orc wizard (D:13)
  6 foxfires (Swamp:2)
  81 fungi
  110 plants
  3 withered plants
202 creatures vanquished.

Grand Total: 1157 creatures vanquished

Notes
Turn   | Place    | Note
-------+----------+-------------------------------------------
     0 | D:1      | qw the Minotaur Berserker began the quest for the Orb.
     0 | D:1      | Reached XP level 1. HP: 19/19 MP: 0/0
     0 | D:1      | 0 ||| qw: Version: 0.1-a-108-g9e35731
     0 | D:1      | 0 ||| qw: Game counter: 6267
     0 | D:1      | 0 ||| qw: Always use a shield: true
     0 | D:1      | 0 ||| qw: Do Orc after D:15 true
     0 | D:1      | 0 ||| qw: Do second Lair branch before Depths: true
     0 | D:1      | 0 ||| qw: Lair rune preference: random
     0 | D:1      | 0 ||| qw: Plans: Normal
     0 | D:1      | 0 ||| PLANNING D:1-11
     8 | D:1      | 8 ||| Stepping ~*~*~tactically~*~*~ (hiding).
     9 | D:1      | 9 ||| Stepping ~*~*~tactically~*~*~ (hiding).
    11 | D:1      | 11 ||| Stepping ~*~*~tactically~*~*~ (hiding).
   187 | D:1      | 187 ||| Stepping ~*~*~tactically~*~*~ (hiding).
   190 | D:1      | 190 ||| Stepping ~*~*~tactically~*~*~ (hiding).
   192 | D:1      | 192 ||| Stepping ~*~*~tactically~*~*~ (hiding).
   198 | D:1      | Reached XP level 2. HP: 20/26 MP: 1/1
   201 | D:1      | 201 ||| Stepping ~*~*~tactically~*~*~ (stealth).
   204 | D:1      | 204 ||| Stepping ~*~*~tactically~*~*~ (stealth).
   242 | D:1      | 242 ||| Stepping ~*~*~tactically~*~*~ (stealth).
   244 | D:1      | 244 ||| Stepping ~*~*~tactically~*~*~ (stealth).
   245 | D:1      | 245 ||| Stepping ~*~*~tactically~*~*~ (stealth).
   248 | D:1      | 248 ||| Stepping ~*~*~tactically~*~*~ (stealth).
   249 | D:1      | 249 ||| Stepping ~*~*~tactically~*~*~ (stealth).
   250 | D:1      | 250 ||| Stepping ~*~*~tactically~*~*~ (stealth).
   459 | D:1      | 459 ||| Stepping ~*~*~tactically~*~*~ (stealth).
   523 | D:1      | 523 ||| Stepping ~*~*~tactically~*~*~ (stealth).
   551 | D:1      | Reached XP level 3. HP: 31/31 MP: 2/2
   574 | D:1      | 574 ||| Stepping ~*~*~tactically~*~*~ (stealth).
   626 | D:1      | Reached skill level 1 in Throwing
   731 | D:1      | Reached ** piety under Trog
   732 | D:1      | Found a faded altar of an unknown god.
   902 | D:1      | 902 ||| UPGRADING to +0 ring mail.
   912 | D:1      | 912 ||| DROPPING +0 animal skin.
   913 | D:1      | 913 ||| UPGRADING to +0 scale mail.
   923 | D:1      | 923 ||| DROPPING +0 ring mail.
   924 | D:1      | 924 ||| READING 4 scrolls labelled DIWNELE UTUIGH.
   925 | D:1      | 925 ||| READING scroll labelled YRARUGO PIFIW.
   926 | D:1      | 926 ||| READING scroll labelled DIJEGU CETUST.
   927 | D:1      | 927 ||| READING scroll labelled NAUCLOCVINN.
   928 | D:1      | 928 ||| READING scroll labelled ZIMI SULOU.
   929 | D:1      | 929 ||| READING scroll labelled ITASSE FI GUAD.
   934 | D:1      | 934 ||| READING 3 scrolls of identify.
   934 | D:1      | 934 ||| IDENTIFYING fuming sapphire potion
   935 | D:1      | 935 ||| READING 2 scrolls of identify.
   935 | D:1      | 935 ||| IDENTIFYING amethyst potion
   936 | D:1      | 936 ||| DROPPING potion of attraction.
   937 | D:1      | 937 ||| DROPPING potion of brilliance.
   949 | D:2      | 949 ||| STAIRDANCE
   954 | D:2      | 954 ||| STAIRDANCE
  1070 | D:2      | 1070 ||| Stepping ~*~*~tactically~*~*~ (stealth).
  1074 | D:2      | 1074 ||| Stepping ~*~*~tactically~*~*~ (stealth).
  1148 | D:2      | 1148 ||| Stepping ~*~*~tactically~*~*~ (stealth).
  1156 | D:2      | 1156 ||| INVOKING Berserk.
  1264 | D:2      | Reached XP level 4. HP: 29/39 MP: 3/3
  1738 | D:2      | 1738 ||| READING scroll labelled XUOWNA HI VUIMM.
  1872 | D:2      | 1872 ||| READING scroll labelled ASID XALLA.
  1873 | D:2      | 1873 ||| READING scroll labelled BYQU GIKHOPTEC.
  1873 | D:2      | Identified a scroll of acquirement
  1873 | D:2      | 1873 ||| ACQUIRING 832 gold pieces
  1873 | D:2      | Acquired 832 gold pieces
  1875 | D:2      | 1875 ||| READING scroll labelled PAKHLE JAQOSI.
  2190 | D:3      | 2190 ||| DROPPING +0 club.
  2191 | D:3      | 2191 ||| Stepping ~*~*~tactically~*~*~ (stealth).
  2193 | D:3      | 2193 ||| Stepping ~*~*~tactically~*~*~ (stealth).
  2197 | D:3      | Reached skill level 6 in Axes
  2631 | D:3      | Reached *** piety under Trog
  2673 | D:3      | 2673 ||| UPGRADING to +0 pair of boots.
  2678 | D:3      | 2678 ||| READING scroll labelled VOOTES PAZUP.
  2679 | D:3      | 2679 ||| READING 3 scrolls of identify.
  2679 | D:3      | 2679 ||| IDENTIFYING lumpy clear potion
  2680 | D:3      | 2680 ||| READING 2 scrolls of identify.
  2680 | D:3      | 2680 ||| IDENTIFYING glowing emerald potion
  2719 | D:4      | 2719 ||| Stepping ~*~*~tactically~*~*~ (hiding).
  2721 | D:4      | 2721 ||| Stepping ~*~*~tactically~*~*~ (hiding).
  2723 | D:4      | 2723 ||| Stepping ~*~*~tactically~*~*~ (hiding).
  2724 | D:4      | 2724 ||| Stepping ~*~*~tactically~*~*~ (hiding).
  2737 | D:4      | Reached XP level 5. HP: 42/45 MP: 4/4
  2758 | D:4      | Identified the +1 robe "Xoxafuni" {rF+ Regen+ rCorr}
  2827 | D:4      | Found a shimmering altar of Xom.
  2843 | D:4      | 2843 ||| READING scroll of teleportation.
  2901 | D:4      | 2901 ||| INVOKING Berserk.
  2916 | D:4      | 2916 ||| Stepping ~*~*~tactically~*~*~ (stealth).
  3032 | D:4      | Noticed a toenail golem
  3041 | D:4      | Noticed a black bear
  3045 | D:4      | 3045 ||| INVOKING Berserk.
  3047 | D:4      | Killed a black bear
  3048 | D:4      | Reached XP level 6. HP: 52/52 MP: 5/5
  3156 | D:4      | Found a transporter.
  3239 | D:4      | 3239 ||| READING scroll of enchant weapon.
  3239 | D:4      | 3239 ||| ENCHANTING +1 hand axe.
  3250 | D:4      | Noticed qw's ghost (amateur GrFi)
  3259 | D:4      | Found a transporter.
  3260 | D:4      | Found a one-way gate to the infinite horrors of the Abyss.
  3387 | D:4      | 3387 ||| READING scroll labelled PACZEL ZADWUN.
  3388 | D:4      | 3388 ||| READING 2 scrolls of identify.
  3388 | D:4      | 3388 ||| IDENTIFYING fuming inky potion
  3389 | D:4      | 3389 ||| DROPPING potion of lignification.
  3401 | D:5      | Entered Level 5 of the Dungeon
  3403 | D:5      | 3403 ||| INVOKING Berserk.
  3577 | D:5      | 3577 ||| INVOKING Berserk.
  3731 | D:5      | 3731 ||| INVOKING Berserk.
  3735 | D:5      | Reached skill level 9 in Axes
  3735 | D:5      | Reached XP level 7. HP: 59/59 MP: 6/6
  3897 | D:5      | 3897 ||| Stepping ~*~*~tactically~*~*~ (stealth).
  4011 | D:5      | 4011 ||| Stepping ~*~*~tactically~*~*~ (hiding).
  4023 | D:5      | 4023 ||| INVOKING Berserk.
  4028 | D:5      | HP: 11/90 [orc priest/nerve-wracking pain (13)]
  4329 | D:5      | 4329 ||| SWAPPING to +0 war axe.
  4330 | D:5      | 4330 ||| DROPPING +2 hand axe.
  4354 | D:5      | 4354 ||| Stepping ~*~*~tactically~*~*~ (hiding).
  4364 | D:5      | 4364 ||| INVOKING Berserk.
  4434 | D:5      | Found a hide-covered altar of Uskayaw.
  4578 | D:5      | 4578 ||| Stepping ~*~*~tactically~*~*~ (stealth).
  4580 | D:5      | 4580 ||| Stepping ~*~*~tactically~*~*~ (stealth).
  4582 | D:5      | 4582 ||| Stepping ~*~*~tactically~*~*~ (stealth).
  4592 | D:5      | 4592 ||| DROPPING +0 flail.
  4666 | D:5      | 4666 ||| INVOKING Berserk.
  4810 | D:5      | 4810 ||| INVOKING Berserk.
  4812 | D:5      | Reached skill level 6 in Fighting
  4812 | D:5      | Reached XP level 8. HP: 47/70 MP: 7/7
  5188 | D:5      | 5188 ||| DROPPING +1 robe "Xoxafuni" {rF+ Regen+ rCorr}.
  5189 | D:5      | 5189 ||| UPGRADING to +0 chain mail.
  5199 | D:5      | 5199 ||| DROPPING +0 scale mail.
  5200 | D:5      | 5200 ||| READING scroll labelled REHISTRAMOU.
  5201 | D:5      | 5201 ||| READING scroll labelled ZISEOW PESKO.
  5202 | D:5      | 5202 ||| READING scroll labelled IRONUH OTWUI.
  5203 | D:5      | 5203 ||| READING 3 scrolls of identify.
  5203 | D:5      | 5203 ||| IDENTIFYING sedimented puce potion
  5224 | D:6      | 5224 ||| INVOKING Berserk.
  5227 | D:6      | Reached skill level 3 in Armour
  5231 | D:6      | 5231 ||| STAIRDANCE
  5346 | D:6      | 5346 ||| Stepping ~*~*~tactically~*~*~ (hiding).
  5348 | D:6      | 5348 ||| INVOKING Berserk.
  5351 | D:6      | Reached skill level 3 in Throwing
  5560 | D:6      | 5560 ||| Stepping ~*~*~tactically~*~*~ (hiding).
  5562 | D:6      | 5562 ||| Stepping ~*~*~tactically~*~*~ (hiding).
  5563 | D:6      | 5563 ||| Stepping ~*~*~tactically~*~*~ (hiding).
  5564 | D:6      | 5564 ||| Stepping ~*~*~tactically~*~*~ (hiding).
  5571 | D:6      | 5571 ||| Stepping ~*~*~tactically~*~*~ (hiding).
  5666 | D:6      | 5666 ||| Stepping ~*~*~tactically~*~*~ (hiding).
  5685 | D:6      | 5685 ||| FLEEEEING.
  5686 | D:6      | 5686 ||| FLEEEEING.
  5797 | D:6      | 5797 ||| Stepping ~*~*~tactically~*~*~ (stealth).
  6013 | D:6      | Noticed an angel
  6014 | D:6      | Found a glowing silver altar of Zin.
  6190 | D:6      | 6190 ||| INVOKING Berserk.
  6573 | D:6      | 6573 ||| READING 2 scrolls of identify.
  6573 | D:6      | 6573 ||| IDENTIFYING dark potion
  6625 | D:7      | 6625 ||| Stepping ~*~*~tactically~*~*~ (hiding).
  6682 | D:7      | 6682 ||| Stepping ~*~*~tactically~*~*~ (stealth).
  6685 | D:7      | 6685 ||| Stepping ~*~*~tactically~*~*~ (stealth).
  6687 | D:7      | 6687 ||| Stepping ~*~*~tactically~*~*~ (stealth).
  6690 | D:7      | 6690 ||| Stepping ~*~*~tactically~*~*~ (stealth).
  6706 | D:7      | Found a staircase to the Ecumenical Temple.
  6720 | D:7      | 6720 ||| READING scroll of enchant armour.
  6720 | D:7      | 6720 ||| ENCHANTING +0 pair of boots.
  6723 | D:7      | Found a burning altar of Makhleb.
  6747 | D:7      | 6747 ||| Stepping ~*~*~tactically~*~*~ (stealth).
  6755 | D:7      | 6755 ||| INVOKING Berserk.
  6761 | D:7      | Reached **** piety under Trog
  6825 | D:7      | 6825 ||| INVOKING Berserk.
  6828 | D:7      | Reached skill level 12 in Axes
  7095 | D:7      | Reached XP level 9. HP: 79/79 MP: 8/8
  7114 | D:7      | Found an opulent altar of Gozag.
  7140 | D:7      | 7140 ||| Stepping ~*~*~tactically~*~*~ (stealth).
  7167 | D:7      | Found Cuch's Weapon Shoppe.
  7563 | D:7      | 7563 ||| READING scroll of enchant weapon.
  7563 | D:7      | 7563 ||| ENCHANTING +0 war axe of protection.
  7665 | D:7      | 7665 ||| DRINKING 2 lumpy emerald potions.
  7721 | D:8      | 7721 ||| Stepping ~*~*~tactically~*~*~ (stealth).
  7727 | D:8      | 7727 ||| Stepping ~*~*~tactically~*~*~ (hiding).
  7729 | D:8      | 7729 ||| Stepping ~*~*~tactically~*~*~ (hiding).
  7730 | D:8      | 7730 ||| INVOKING Berserk.
  7740 | D:8      | Killed a large slime creature
  7741 | D:8      | Reached skill level 9 in Fighting
  7758 | D:8      | Reached XP level 10. HP: 60/91 MP: 9/9
  7764 | D:8      | HP: 21/91 [orc/+0 trident (2)]
  7764 | D:8      | HP: 9/91 [acid (11)]
  7765 | D:8      | 7765 ||| READING scroll of teleportation.
  7766 | D:8      | 7766 ||| DRINKING potion of heal wounds.
  7766 | D:8      | HP: 3/91 [large slime creature (29)]
  7767 | D:8      | HP: 1/91 [orc/+0 trident (1)]
  8181 | D:8      | 8181 ||| FLEEEEING.
  8182 | D:8      | 8182 ||| FLEEEEING.
  8183 | D:8      | 8183 ||| FLEEEEING.
  8184 | D:8      | 8184 ||| FLEEEEING.
  8185 | D:8      | 8185 ||| FLEEEEING.
  8186 | D:8      | 8186 ||| FLEEEEING.
  8187 | D:8      | 8187 ||| FLEEEEING.
  8188 | D:8      | 8188 ||| FLEEEEING.
  8189 | D:8      | 8189 ||| FLEEEEING.
  8190 | D:8      | 8190 ||| FLEEEEING.
  8191 | D:8      | 8191 ||| FLEEEEING.
  8192 | D:8      | 8192 ||| FLEEEEING.
  8193 | D:8      | 8193 ||| FLEEEEING.
  8194 | D:8      | 8194 ||| FLEEEEING.
  8195 | D:8      | 8195 ||| STAIRDANCE
  8325 | D:8      | Reached skill level 15 in Axes
  8326 | D:8      | 8326 ||| INVOKING Berserk.
  8330 | D:8      | Reached skill level 3 in Dodging
  8540 | D:8      | Found a staircase to the Lair.
  8611 | D:8      | 8611 ||| Stepping ~*~*~tactically~*~*~ (hiding).
  8621 | D:8      | Reached skill level 6 in Armour
  8814 | D:8      | 8814 ||| Stepping ~*~*~tactically~*~*~ (stealth).
  8891 | D:8      | 8891 ||| READING scroll of enchant weapon.
  8891 | D:8      | 8891 ||| ENCHANTING +1 war axe of protection.
  8937 | D:8      | 8937 ||| Stepping ~*~*~tactically~*~*~ (stealth).
  8939 | D:8      | 8939 ||| Stepping ~*~*~tactically~*~*~ (hiding).
  8947 | D:8      | 8947 ||| Stepping ~*~*~tactically~*~*~ (hiding).
  9078 | D:8      | 9078 ||| INVOKING Berserk.
  9236 | D:8      | 9236 ||| PLANNING LAIR
  9236 | D:8      | 9236 ||| UPGRADING to +6 ring of strength.
  9258 | Lair:1   | Entered Level 1 of the Lair of Beasts
  9258 | Lair:1   | Noticed a cane toad
  9263 | Lair:1   | 9263 ||| INVOKING Berserk.
  9265 | Lair:1   | Killed a cane toad
  9403 | Lair:1   | Noticed Prince Ribbit
  9404 | Lair:1   | 9404 ||| Stepping ~*~*~tactically~*~*~ (stealth).
  9405 | Lair:1   | 9405 ||| Stepping ~*~*~tactically~*~*~ (stealth).
  9406 | Lair:1   | 9406 ||| Stepping ~*~*~tactically~*~*~ (stealth).
  9408 | Lair:1   | 9408 ||| INVOKING Berserk.
  9411 | Lair:1   | Killed Prince Ribbit
  9537 | Lair:1   | Found a runed translucent door.
  9537 | Lair:1   | Noticed qw's ghost (journeyman TrCA)
  9545 | Lair:1   | 9545 ||| Stepping ~*~*~tactically~*~*~ (stealth).
  9547 | Lair:1   | 9547 ||| Stepping ~*~*~tactically~*~*~ (stealth).
  9645 | Lair:1   | 9645 ||| READING scroll of enchant armour.
  9645 | Lair:1   | 9645 ||| ENCHANTING +1 pair of boots.
  9684 | Lair:1   | Noticed an orange demon
  9690 | Lair:1   | Killed an orange demon
  9690 | Lair:1   | Noticed Amaemon
  9691 | Lair:1   | Reached XP level 11. HP: 86/99 MP: 10/10
  9691 | Lair:1   | 9691 ||| Stepping ~*~*~tactically~*~*~ (hiding).
  9694 | Lair:1   | 9694 ||| INVOKING Berserk.
  9700 | Lair:1   | Killed Amaemon
  9924 | Lair:1   | 9924 ||| DROPPING +0 morningstar.
 10062 | Lair:1   | Noticed Maggie
 10070 | Lair:1   | Killed Maggie
 10101 | Lair:1   | 10101 ||| SWAPPING to +0 broad axe.
 10102 | Lair:1   | 10102 ||| DROPPING +2 war axe of protection.
 10344 | Lair:1   | 10344 ||| UPGRADING to +4 ring of protection.
 10374 | Lair:2   | Noticed Harold
 10375 | Lair:2   | 10375 ||| Stepping ~*~*~tactically~*~*~ (stealth).
 10407 | Lair:2   | 10407 ||| Stepping ~*~*~tactically~*~*~ (stealth).
 10421 | Lair:2   | 10421 ||| Stepping ~*~*~tactically~*~*~ (stealth).
 10424 | Lair:2   | 10424 ||| INVOKING Berserk.
 10430 | Lair:2   | Killed Harold
 10520 | Lair:2   | 10520 ||| Stepping ~*~*~tactically~*~*~ (stealth).
 10670 | Lair:2   | 10670 ||| INVOKING Berserk.
 10828 | Lair:2   | 10828 ||| INVOKING Berserk.
 10982 | Lair:2   | 10982 ||| INVOKING Berserk.
 11006 | Lair:2   | Noticed a seven-headed hydra
 11007 | Lair:2   | 11007 ||| Stepping ~*~*~tactically~*~*~ (stealth).
 11009 | Lair:2   | 11009 ||| INVOKING Brothers in Arms.
 11011 | Lair:2   | 11011 ||| INVOKING Brothers in Arms.
 11012 | Lair:2   | 11012 ||| INVOKING Brothers in Arms.
 11013 | Lair:2   | 11013 ||| SWAPPING to -2 demon whip of venom.
 11014 | Lair:2   | HP: 19/101 [seven-headed hydra (7)]
 11015 | Lair:2   | 11015 ||| DRINKING potion of heal wounds.
 11015 | Lair:2   | Killed a seven-headed hydra
 11016 | Lair:2   | 11016 ||| SWAPPING to +0 broad axe.
 11336 | Lair:2   | 11336 ||| Stepping ~*~*~tactically~*~*~ (hiding).
 11541 | Lair:2   | Reached skill level 18 in Axes
 11729 | Lair:2   | Noticed a seven-headed hydra
 11730 | Lair:2   | 11730 ||| INVOKING Brothers in Arms.
 11731 | Lair:2   | 11731 ||| INVOKING Brothers in Arms.
 11732 | Lair:2   | 11732 ||| INVOKING Brothers in Arms.
 11733 | Lair:2   | 11733 ||| SWAPPING to -2 demon whip of venom.
 11734 | Lair:2   | 11734 ||| INVOKING Berserk.
 11738 | Lair:2   | Killed a seven-headed hydra
 11825 | Lair:2   | 11825 ||| SWAPPING to +0 broad axe.
 11884 | Lair:2   | 11884 ||| INVOKING Berserk.
 12053 | Lair:2   | 12053 ||| Stepping ~*~*~tactically~*~*~ (stealth).
 12055 | Lair:2   | 12055 ||| Stepping ~*~*~tactically~*~*~ (stealth).
 12075 | Lair:2   | 12075 ||| Stepping ~*~*~tactically~*~*~ (stealth).
 12118 | Lair:2   | 12118 ||| INVOKING Berserk.
 12417 | Lair:2   | 12417 ||| Stepping ~*~*~tactically~*~*~ (stealth).
 12419 | Lair:2   | 12419 ||| Stepping ~*~*~tactically~*~*~ (stealth).
 12422 | Lair:2   | 12422 ||| INVOKING Berserk.
 12422 | Lair:2   | Noticed a seven-headed hydra
 12431 | Lair:2   | Killed a nine-headed hydra
 12432 | Lair:2   | Reached XP level 12. HP: 110/110 MP: 11/11
 12437 | Lair:2   | Noticed a seven-headed hydra
 12438 | Lair:2   | 12438 ||| INVOKING Brothers in Arms.
 12439 | Lair:2   | 12439 ||| SWAPPING to -2 demon whip of venom.
 12442 | Lair:2   | Killed a seven-headed hydra
 12443 | Lair:2   | 12443 ||| SWAPPING to +0 broad axe.
 12523 | Lair:2   | 12523 ||| FLEEEEING.
 12524 | Lair:2   | 12524 ||| FLEEEEING.
 12525 | Lair:2   | 12525 ||| FLEEEEING.
 12526 | Lair:2   | 12526 ||| FLEEEEING.
 12528 | Lair:2   | 12528 ||| FLEEEEING.
 12529 | Lair:2   | 12529 ||| FLEEEEING.
 12530 | Lair:2   | 12530 ||| FLEEEEING.
 12531 | Lair:2   | 12531 ||| FLEEEEING.
 12694 | Lair:2   | Found a staircase to the Swamp.
 12812 | Lair:2   | 12812 ||| UPGRADING to scarf of resistance.
 12817 | Lair:2   | 12817 ||| UPGRADING to +0 plate armour.
 12827 | Lair:2   | 12827 ||| DROPPING +0 chain mail.
 12828 | Lair:2   | 12828 ||| UPGRADING to ring of see invisible.
 12830 | Lair:2   | 12830 ||| READING 2 scrolls of identify.
 12830 | Lair:2   | 12830 ||| IDENTIFYING glowing cyan potion
 12831 | Lair:2   | 12831 ||| DROPPING potion of ambrosia.
 12832 | Lair:2   | 12832 ||| DROPPING potion of flight.
 12871 | Lair:3   | 12871 ||| Stepping ~*~*~tactically~*~*~ (hiding).
 12996 | Lair:3   | 12996 ||| Stepping ~*~*~tactically~*~*~ (stealth).
 13065 | Lair:3   | 13065 ||| Stepping ~*~*~tactically~*~*~ (stealth).
 13080 | Lair:3   | 13080 ||| Stepping ~*~*~tactically~*~*~ (stealth).
 13080 | Lair:3   | Noticed a catoblepas
 13081 | Lair:3   | 13081 ||| Stepping ~*~*~tactically~*~*~ (stealth).
 13083 | Lair:3   | 13083 ||| Stepping ~*~*~tactically~*~*~ (hiding).
 13085 | Lair:3   | 13085 ||| INVOKING Berserk.
 13091 | Lair:3   | Killed a catoblepas
 13092 | Lair:3   | Reached skill level 9 in Armour
 13124 | Lair:3   | 13124 ||| Stepping ~*~*~tactically~*~*~ (stealth).
 13157 | Lair:3   | 13157 ||| Stepping ~*~*~tactically~*~*~ (stealth).
 13253 | Lair:3   | 13253 ||| INVOKING Berserk.
 13481 | Lair:3   | 13481 ||| Stepping ~*~*~tactically~*~*~ (hiding).
 13497 | Lair:3   | 13497 ||| FLEEEEING.
 13503 | Lair:3   | 13503 ||| FLEEEEING.
 13504 | Lair:3   | 13504 ||| FLEEEEING.
 13505 | Lair:3   | 13505 ||| FLEEEEING.
 13506 | Lair:3   | 13506 ||| FLEEEEING.
 13507 | Lair:3   | 13507 ||| FLEEEEING.
 13517 | Lair:3   | 13517 ||| Stepping ~*~*~tactically~*~*~ (hiding).
 13725 | Lair:3   | Found a staircase to the Snake Pit.
 13727 | Lair:3   | 13727 ||| Stepping ~*~*~tactically~*~*~ (stealth).
 13825 | Lair:3   | 13825 ||| Stepping ~*~*~tactically~*~*~ (stealth).
 13826 | Lair:3   | 13826 ||| Stepping ~*~*~tactically~*~*~ (stealth).
 13834 | Lair:3   | Reached skill level 12 in Fighting
 13959 | Lair:3   | 13959 ||| Stepping ~*~*~tactically~*~*~ (stealth).
 13965 | Lair:3   | 13965 ||| INVOKING Berserk.
 14383 | Lair:3   | 14383 ||| UPGRADING to +0 pair of gloves.
 14388 | Lair:3   | 14388 ||| UPGRADING to amulet of regeneration.
 14393 | Lair:3   | 14393 ||| READING 2 scrolls of identify.
 14393 | Lair:3   | 14393 ||| IDENTIFYING bubbling silvery potion
 14542 | Lair:4   | 14542 ||| READING scroll of enchant weapon.
 14542 | Lair:4   | 14542 ||| ENCHANTING +0 broad axe.
 14599 | Lair:4   | 14599 ||| Stepping ~*~*~tactically~*~*~ (stealth).
 14609 | Lair:4   | 14609 ||| Stepping ~*~*~tactically~*~*~ (hiding).
 14706 | Lair:4   | 14706 ||| INVOKING Berserk.
 15249 | Lair:4   | 15249 ||| FLEEEEING.
 15250 | Lair:4   | 15250 ||| FLEEEEING.
 15251 | Lair:4   | 15251 ||| FLEEEEING.
 15252 | Lair:4   | 15252 ||| FLEEEEING.
 15253 | Lair:4   | 15253 ||| STAIRDANCE
 15268 | Lair:3   | 15268 ||| DROPPING ring of flight.
 15291 | Lair:4   | 15291 ||| FLEEEEING.
 15292 | Lair:4   | 15292 ||| FLEEEEING.
 15293 | Lair:4   | 15293 ||| FLEEEEING.
 15294 | Lair:4   | 15294 ||| FLEEEEING.
 15319 | Lair:4   | 15319 ||| FLEEEEING.
 15320 | Lair:4   | 15320 ||| FLEEEEING.
 15321 | Lair:4   | 15321 ||| FLEEEEING.
 15323 | Lair:4   | 15323 ||| FLEEEEING.
 15324 | Lair:4   | 15324 ||| FLEEEEING.
 15325 | Lair:4   | 15325 ||| FLEEEEING.
 15326 | Lair:4   | 15326 ||| FLEEEEING.
 15327 | Lair:4   | 15327 ||| FLEEEEING.
 15328 | Lair:4   | 15328 ||| FLEEEEING.
 15329 | Lair:4   | 15329 ||| FLEEEEING.
 15331 | Lair:4   | 15331 ||| STAIRDANCE
 15359 | Lair:4   | 15359 ||| FLEEEEING.
 15360 | Lair:4   | 15360 ||| FLEEEEING.
 15361 | Lair:4   | 15361 ||| FLEEEEING.
 15362 | Lair:4   | 15362 ||| FLEEEEING.
 15363 | Lair:4   | 15363 ||| FLEEEEING.
 15364 | Lair:4   | 15364 ||| FLEEEEING.
 15367 | Lair:4   | 15367 ||| FLEEEEING.
 15368 | Lair:4   | 15368 ||| FLEEEEING.
 15369 | Lair:4   | 15369 ||| FLEEEEING.
 15370 | Lair:4   | 15370 ||| FLEEEEING.
 15371 | Lair:4   | 15371 ||| FLEEEEING.
 15372 | Lair:4   | 15372 ||| STAIRDANCE
 15444 | Lair:4   | 15444 ||| FLEEEEING.
 15446 | Lair:4   | 15446 ||| FLEEEEING.
 15447 | Lair:4   | 15447 ||| FLEEEEING.
 15448 | Lair:4   | 15448 ||| FLEEEEING.
 15495 | Lair:4   | 15495 ||| FLEEEEING.
 15496 | Lair:4   | 15496 ||| FLEEEEING.
 15497 | Lair:4   | 15497 ||| FLEEEEING.
 15499 | Lair:4   | 15499 ||| FLEEEEING.
 15500 | Lair:4   | 15500 ||| FLEEEEING.
 15505 | Lair:4   | 15505 ||| STAIRDANCE
 15534 | Lair:5   | Entered Level 5 of the Lair of Beasts
 15535 | Lair:5   | 15535 ||| PLANNING GAUNTLET
 15540 | Lair:5   | 15540 ||| STAIRDANCE
 15658 | Lair:5   | Found a viscous altar of Jiyva.
 15659 | Lair:5   | Found a staircase to the Slime Pits.
 15661 | Lair:5   | 15661 ||| Stepping ~*~*~tactically~*~*~ (stealth).
 15672 | Lair:5   | Reached skill level 12 in Armour
 15756 | Lair:5   | 15756 ||| READING scroll of acquirement.
 15756 | Lair:5   | 15756 ||| ACQUIRING +1 hat of Hangman {rPois rF+ Int+3}
 15756 | Lair:5   | Acquired the +1 hat of Hangman {rPois rF+ Int+3}
 15758 | Lair:5   | 15758 ||| UPGRADING to +1 hat of Hangman {rPois rF+ Int+3}.
 15805 | Lair:5   | Found a gate leading to a gauntlet.
 15806 | Lair:5   | 15806 ||| READING scroll labelled IKE IWKAFI.
 15907 | Lair:5   | 15907 ||| READING 5 scrolls of identify.
 15907 | Lair:5   | 15907 ||| IDENTIFYING smoky black potion
 15908 | Lair:5   | 15908 ||| DROPPING potion of magic.
 15917 | Gauntlet | Entered a Gauntlet
 15917 | Gauntlet | Found a transporter.
 15925 | Gauntlet | Found a transporter.
 15926 | Gauntlet | Found a transporter.
 15937 | Gauntlet | Found a transporter.
 15940 | Gauntlet | Found a transporter.
 15942 | Gauntlet | Noticed a death yak
 15943 | Gauntlet | Noticed a death yak
 15943 | Gauntlet | Noticed a death yak
 15944 | Gauntlet | Noticed a death yak
 15945 | Gauntlet | Noticed a death yak
 15949 | Gauntlet | Found a transporter.
 15964 | Gauntlet | Found a runed translucent gate.
 15965 | Gauntlet | Found a transporter.
 15965 | Gauntlet | Found a runed translucent gate.
 15966 | Gauntlet | Found a runed translucent gate.
 15972 | Gauntlet | Found a runed translucent door.
 15977 | Gauntlet | Found a transporter.
 15987 | Gauntlet | Found a transporter.
 15998 | Gauntlet | Noticed a death yak
 15999 | Gauntlet | Noticed a death yak
 16000 | Gauntlet | Noticed a death yak
 16000 | Gauntlet | Noticed a death yak
 16000 | Gauntlet | Noticed a death yak
 16000 | Gauntlet | Noticed a death yak
 16002 | Gauntlet | Found a transporter.
 16004 | Gauntlet | Noticed a death scarab
 16016 | Gauntlet | Found a transporter.
 16016 | Gauntlet | Found a transporter.
 16060 | Gauntlet | Found a transporter.
 16078 | Gauntlet | Found a transporter.
 16171 | Gauntlet | 16171 ||| UPGRADING to amulet of reflection.
 16181 | Gauntlet | 16181 ||| DROPPING amulet of regeneration.
 16258 | Gauntlet | 16258 ||| DROPPING scarf of shadows.
 16267 | Gauntlet | 16267 ||| Stepping randomly (stuck).
 16268 | Gauntlet | 16268 ||| INVOKING Berserk.
 16275 | Gauntlet | Killed a death yak
 16276 | Gauntlet | Reached skill level 6 in Throwing
 16276 | Gauntlet | Reached XP level 13. HP: 122/122 MP: 12/12
 16373 | Gauntlet | Noticed a minotaur
 16374 | Gauntlet | 16374 ||| INVOKING Berserk.
 16382 | Gauntlet | Killed a minotaur
 16568 | Gauntlet | Identified the +2 helmet "Waqy" {Str-3 Dex+3 Slay+3}
 16596 | Lair:5   | 16596 ||| PLANNING LAIR
 16720 | Lair:5   | 16720 ||| Stepping ~*~*~tactically~*~*~ (stealth).
 16725 | Lair:5   | 16725 ||| Stepping ~*~*~tactically~*~*~ (stealth).
 16726 | Lair:5   | 16726 ||| Stepping ~*~*~tactically~*~*~ (stealth).
 16727 | Lair:5   | 16727 ||| Stepping ~*~*~tactically~*~*~ (stealth).
 16728 | Lair:5   | 16728 ||| Stepping ~*~*~tactically~*~*~ (stealth).
 16729 | Lair:5   | 16729 ||| Stepping ~*~*~tactically~*~*~ (stealth).
 16731 | Lair:5   | 16731 ||| Stepping ~*~*~tactically~*~*~ (stealth).
 16879 | Lair:5   | 16879 ||| Stepping ~*~*~tactically~*~*~ (cloud).
 16881 | Lair:5   | 16881 ||| Stepping ~*~*~tactically~*~*~ (cloud).
 16883 | Lair:5   | 16883 ||| INVOKING Berserk.
 17058 | Lair:5   | Reached ***** piety under Trog
 17125 | Lair:5   | 17125 ||| INVOKING Berserk.
 17130 | Lair:5   | Reached skill level 15 in Fighting
 17141 | Lair:5   | Reached skill level 6 in Dodging
 17328 | Lair:5   | 17328 ||| Stepping ~*~*~tactically~*~*~ (stealth).
 17483 | Lair:5   | 17483 ||| READING scroll of acquirement.
 17483 | Lair:5   | 17483 ||| ACQUIRING 677 gold pieces
 17483 | Lair:5   | Acquired 677 gold pieces
 17756 | Lair:5   | 17756 ||| INVOKING Berserk.
 17941 | Lair:5   | 17941 ||| PLANNING D:1-11
 18058 | D:9      | 18058 ||| STAIRDANCE
 18071 | D:9      | 18071 ||| STAIRDANCE
 18086 | D:9      | 18086 ||| STAIRDANCE
 18098 | D:9      | 18098 ||| STAIRDANCE
 18113 | D:9      | 18113 ||| STAIRDANCE
 18122 | D:9      | 18122 ||| STAIRDANCE
 18229 | D:9      | 18229 ||| STAIRDANCE
 18338 | D:9      | 18338 ||| STAIRDANCE
 18442 | D:9      | 18442 ||| STAIRDANCE
 18521 | D:9      | 18521 ||| Stepping ~*~*~tactically~*~*~ (hiding).
 18522 | D:9      | 18522 ||| Stepping ~*~*~tactically~*~*~ (hiding).
 18750 | D:9      | Found a staircase to the Orcish Mines.
 18751 | D:9      | 18751 ||| Stepping ~*~*~tactically~*~*~ (stealth).
 18753 | D:9      | 18753 ||| Stepping ~*~*~tactically~*~*~ (stealth).
 18757 | D:9      | 18757 ||| Stepping ~*~*~tactically~*~*~ (stealth).
 18949 | D:9      | 18949 ||| Stepping ~*~*~tactically~*~*~ (hiding).
 18954 | D:9      | 18954 ||| Stepping ~*~*~tactically~*~*~ (stealth).
 18964 | D:9      | Found Myarrynk's CLEARANCE SALE!.
 18987 | D:9      | 18987 ||| READING scroll of enchant weapon.
 18987 | D:9      | 18987 ||| ENCHANTING +1 broad axe.
 18990 | D:9      | 18990 ||| BUYING scroll of identify (12 gold).
 18990 | D:9      | Bought a scroll of identify for 12 gold pieces
 18990 | D:9      | 18990 ||| BUYING scroll of teleportation (18 gold).
 18990 | D:9      | Bought a scroll of teleportation for 18 gold pieces
 19025 | D:10     | Entered Level 10 of the Dungeon
 19028 | D:10     | 19028 ||| Stepping ~*~*~tactically~*~*~ (hiding).
 19029 | D:10     | 19029 ||| Stepping ~*~*~tactically~*~*~ (stealth).
 19030 | D:10     | 19030 ||| Stepping ~*~*~tactically~*~*~ (stealth).
 19181 | D:10     | Found an ancient bone altar of Kikubaaqudgha.
 19192 | D:10     | 19192 ||| Stepping ~*~*~tactically~*~*~ (hiding).
 19193 | D:10     | 19193 ||| Stepping ~*~*~tactically~*~*~ (hiding).
 19194 | D:10     | 19194 ||| Stepping ~*~*~tactically~*~*~ (hiding).
 19197 | D:10     | 19197 ||| Stepping ~*~*~tactically~*~*~ (stealth).
 19212 | D:10     | Found an iron altar of Okawaru.
 19219 | D:10     | Found a broken altar of Ashenzari.
 19232 | D:10     | Found a radiant altar of Vehumet.
 19233 | D:10     | 19233 ||| Stepping ~*~*~tactically~*~*~ (hiding).
 19727 | D:10     | Found a basalt altar of Yredelemnul.
 19751 | D:10     | 19751 ||| READING scroll of enchant armour.
 19751 | D:10     | 19751 ||| ENCHANTING +0 pair of gloves.
 20015 | D:10     | 20015 ||| DROPPING amulet of guardian spirit.
 20105 | D:11     | 20105 ||| Stepping ~*~*~tactically~*~*~ (stealth).
 20106 | D:11     | 20106 ||| Stepping ~*~*~tactically~*~*~ (stealth).
 20117 | D:11     | 20117 ||| Stepping ~*~*~tactically~*~*~ (stealth).
 20126 | D:11     | 20126 ||| Stepping ~*~*~tactically~*~*~ (hiding).
 20129 | D:11     | 20129 ||| DRINKING 5 potions of curing.
 20129 | D:11     | 20129 ||| (to cure confusion)
 20133 | D:11     | 20133 ||| Stepping ~*~*~tactically~*~*~ (hiding).
 20134 | D:11     | 20134 ||| Stepping ~*~*~tactically~*~*~ (hiding).
 20135 | D:11     | 20135 ||| Stepping ~*~*~tactically~*~*~ (hiding).
 20136 | D:11     | 20136 ||| Stepping ~*~*~tactically~*~*~ (hiding).
 20152 | D:11     | 20152 ||| Stepping ~*~*~tactically~*~*~ (stealth).
 20154 | D:11     | 20154 ||| Stepping ~*~*~tactically~*~*~ (stealth).
 20592 | D:11     | 20592 ||| Stepping ~*~*~tactically~*~*~ (stealth).
 20596 | D:11     | 20596 ||| Stepping ~*~*~tactically~*~*~ (stealth).
 20597 | D:11     | 20597 ||| Stepping ~*~*~tactically~*~*~ (stealth).
 20847 | D:11     | 20847 ||| PLANNING D
 20847 | D:11     | 20847 ||| READING scroll labelled FUSOKH YWARU.
 20848 | D:11     | 20848 ||| READING 12 scrolls of identify.
 20848 | D:11     | 20848 ||| IDENTIFYING sedimented blue potion
 20849 | D:11     | 20849 ||| DROPPING potion of berserk rage.
 20886 | D:12     | 20886 ||| INVOKING Brothers in Arms.
 20889 | D:12     | 20889 ||| INVOKING Berserk.
 21035 | D:12     | 21035 ||| INVOKING Berserk.
 21330 | D:12     | Reached XP level 14. HP: 136/136 MP: 13/13
 21637 | D:12     | 21637 ||| INVOKING Brothers in Arms.
 21640 | D:12     | 21640 ||| INVOKING Berserk.
 21898 | D:12     | 21898 ||| INVOKING Berserk.
 21985 | D:12     | 21985 ||| Stepping ~*~*~tactically~*~*~ (stealth).
 21986 | D:12     | 21986 ||| Stepping ~*~*~tactically~*~*~ (stealth).
 22077 | D:13     | Noticed Nessos
 22078 | D:13     | 22078 ||| Stepping ~*~*~tactically~*~*~ (hiding).
 22080 | D:13     | 22080 ||| INVOKING Berserk.
 22093 | D:13     | Killed Nessos
 22108 | D:13     | Received a gift from Trog
 22119 | D:13     | 22119 ||| INVOKING Brothers in Arms.
 22129 | D:13     | Noticed an orc warlord
 22137 | D:13     | HP: 34/140 [orc warlord/+0 battleaxe (12)]
 22138 | D:13     | 22138 ||| READING 7 scrolls of teleportation.
 22138 | D:13     | HP: 4/140 [orc warlord/+0 battleaxe (20)]
 22139 | D:13     | 22139 ||| DRINKING 3 potions of heal wounds.
 22140 | D:13     | 22140 ||| DRINKING 2 potions of heal wounds.
 22140 | D:13     | Found a runed translucent gate.
 22140 | D:13     | Found a runed translucent gate.
 22140 | D:13     | Found a runed translucent gate.
 22140 | D:13     | Noticed Iplucs's ghost (journeyman FeBe)
 22142 | D:13     | 22142 ||| INVOKING Brothers in Arms.
 22147 | D:13     | Killed an orc warlord
 22154 | D:13     | 22154 ||| INVOKING Berserk.
 22166 | D:13     | Reached skill level 15 in Armour
 22174 | D:13     | HP: 34/138 [necromancer/bolt of negative energy (3)]
 22175 | D:13     | 22175 ||| READING 6 scrolls of teleportation.
 22175 | D:13     | HP: 7/138 [vault guard/+0 long sword (10)]
 22176 | D:13     | 22176 ||| DRINKING potion of heal wounds.
 22226 | D:13     | 22226 ||| INVOKING Berserk.
 22226 | D:13     | HP: 51/208 [necromancer/+0 dagger (3)]
 22287 | D:13     | 22287 ||| INVOKING Berserk.
 22302 | D:13     | Identified the +6 shortbow "Suniurch" {freeze, +Blink}
 22308 | D:13     | 22308 ||| INVOKING Brothers in Arms.
 22357 | D:13     | 22357 ||| Stepping ~*~*~tactically~*~*~ (stealth).
 22359 | D:13     | 22359 ||| Stepping ~*~*~tactically~*~*~ (stealth).
 22363 | D:13     | 22363 ||| Stepping ~*~*~tactically~*~*~ (stealth).
 22364 | D:13     | 22364 ||| INVOKING Berserk.
 22383 | D:13     | 22383 ||| Stepping ~*~*~tactically~*~*~ (stealth).
 22398 | D:13     | 22398 ||| Stepping ~*~*~tactically~*~*~ (stealth).
 22411 | D:13     | 22411 ||| FLEEEEING.
 22412 | D:13     | 22412 ||| FLEEEEING.
 22413 | D:13     | 22413 ||| FLEEEEING.
 22414 | D:13     | 22414 ||| FLEEEEING.
 22415 | D:13     | 22415 ||| FLEEEEING.
 22416 | D:13     | 22416 ||| FLEEEEING.
 22417 | D:13     | 22417 ||| FLEEEEING.
 22418 | D:13     | 22418 ||| FLEEEEING.
 22419 | D:13     | 22419 ||| FLEEEEING.
 22420 | D:13     | 22420 ||| FLEEEEING.
 22421 | D:13     | 22421 ||| FLEEEEING.
 22422 | D:13     | 22422 ||| FLEEEEING.
 22423 | D:13     | 22423 ||| FLEEEEING.
 22424 | D:13     | 22424 ||| FLEEEEING.
 22425 | D:13     | 22425 ||| FLEEEEING.
 22426 | D:13     | 22426 ||| FLEEEEING.
 22427 | D:13     | 22427 ||| FLEEEEING.
 22429 | D:13     | 22429 ||| FLEEEEING.
 22430 | D:13     | 22430 ||| FLEEEEING.
 22431 | D:13     | 22431 ||| FLEEEEING.
 22432 | D:13     | 22432 ||| FLEEEEING.
 22433 | D:13     | 22433 ||| FLEEEEING.
 22434 | D:13     | 22434 ||| FLEEEEING.
 22435 | D:13     | 22435 ||| STAIRDANCE
 22685 | D:13     | 22685 ||| Stepping ~*~*~tactically~*~*~ (stealth).
 22723 | D:13     | 22723 ||| Stepping ~*~*~tactically~*~*~ (stealth).
 22868 | D:13     | Found a gate to the Vaults.
 23094 | D:13     | 23094 ||| Stepping ~*~*~tactically~*~*~ (hiding).
 23116 | D:13     | 23116 ||| FLEEEEING.
 23117 | D:13     | 23117 ||| FLEEEEING.
 23118 | D:13     | 23118 ||| FLEEEEING.
 23121 | D:13     | 23121 ||| FLEEEEING.
 23122 | D:13     | 23122 ||| FLEEEEING.
 23123 | D:13     | 23123 ||| FLEEEEING.
 23124 | D:13     | 23124 ||| FLEEEEING.
 23125 | D:13     | 23125 ||| FLEEEEING.
 23126 | D:13     | 23126 ||| FLEEEEING.
 23127 | D:13     | 23127 ||| FLEEEEING.
 23128 | D:13     | 23128 ||| FLEEEEING.
 23129 | D:13     | 23129 ||| FLEEEEING.
 23130 | D:13     | 23130 ||| FLEEEEING.
 23136 | D:13     | 23136 ||| FLEEEEING.
 23137 | D:13     | 23137 ||| FLEEEEING.
 23138 | D:13     | 23138 ||| FLEEEEING.
 23139 | D:13     | 23139 ||| FLEEEEING.
 23140 | D:13     | 23140 ||| FLEEEEING.
 23141 | D:13     | 23141 ||| FLEEEEING.
 23142 | D:13     | 23142 ||| FLEEEEING.
 23143 | D:13     | 23143 ||| FLEEEEING.
 23144 | D:13     | 23144 ||| FLEEEEING.
 23145 | D:13     | 23145 ||| FLEEEEING.
 23151 | D:13     | 23151 ||| INVOKING Berserk.
 23316 | D:13     | 23316 ||| INVOKING Berserk.
 23485 | D:13     | 23485 ||| INVOKING Berserk.
 23693 | D:13     | 23693 ||| INVOKING Trog's Hand.
 23699 | D:13     | 23699 ||| INVOKING Berserk.
 23824 | D:13     | 23824 ||| UPGRADING to +0 kite shield.
 23829 | D:13     | 23829 ||| DROPPING +1 pair of gloves.
 23830 | D:13     | 23830 ||| UPGRADING to +2 tower shield.
 23840 | D:13     | 23840 ||| DROPPING +0 kite shield.
 23841 | D:13     | 23841 ||| DROPPING +6 ring of strength.
 23877 | D:14     | 23877 ||| Stepping ~*~*~tactically~*~*~ (stealth).
 23884 | D:14     | Reached skill level 1 in Shields
 23897 | D:14     | 23897 ||| INVOKING Brothers in Arms.
 23898 | D:14     | 23898 ||| INVOKING Brothers in Arms.
 23902 | D:14     | 23902 ||| SWAPPING to -2 demon whip of venom.
 23903 | D:14     | 23903 ||| Stepping ~*~*~tactically~*~*~ (water).
 23904 | D:14     | Reached skill level 2 in Shields
 23904 | D:14     | 23904 ||| SWAPPING to +2 broad axe.
 23910 | D:14     | 23910 ||| Stepping ~*~*~tactically~*~*~ (water).
 23919 | D:14     | Reached skill level 3 in Shields
 23921 | D:14     | 23921 ||| INVOKING Berserk.
 23925 | D:14     | Reached skill level 4 in Shields
 23942 | D:14     | Reached skill level 5 in Shields
 24243 | D:14     | Reached skill level 6 in Shields
 24254 | D:14     | 24254 ||| Stepping ~*~*~tactically~*~*~ (stealth).
 24739 | D:14     | 24739 ||| DROPPING ring of fire.
 24740 | D:14     | 24740 ||| DRINKING 2 bubbling white potions.
 24751 | D:15     | Entered Level 15 of the Dungeon
 24783 | D:15     | 24783 ||| Stepping ~*~*~tactically~*~*~ (hiding).
 24819 | D:15     | 24819 ||| Stepping ~*~*~tactically~*~*~ (hiding).
 24828 | D:15     | Reached skill level 7 in Shields
 24862 | D:15     | Reached XP level 15. HP: 147/147 MP: 14/14
 24908 | D:15     | 24908 ||| Stepping ~*~*~tactically~*~*~ (hiding).
 24943 | D:15     | Reached skill level 8 in Shields
 25440 | D:15     | 25440 ||| Stepping ~*~*~tactically~*~*~ (stealth).
 25512 | D:15     | 25512 ||| Stepping ~*~*~tactically~*~*~ (hiding).
 25515 | D:15     | 25515 ||| Stepping ~*~*~tactically~*~*~ (hiding).
 25734 | D:15     | 25734 ||| Stepping ~*~*~tactically~*~*~ (hiding).
 25743 | D:15     | Reached skill level 9 in Shields
 25929 | D:15     | 25929 ||| INVOKING Trog's Hand.
 25936 | D:15     | 25936 ||| INVOKING Trog's Hand.
 25948 | D:15     | 25948 ||| Stepping ~*~*~tactically~*~*~ (hiding).
 25952 | D:15     | Noticed Agnes
 25954 | D:15     | 25954 ||| INVOKING Berserk.
 25967 | D:15     | Killed Agnes
 25968 | D:15     | Reached skill level 10 in Shields
 25982 | D:15     | 25982 ||| Stepping ~*~*~tactically~*~*~ (stealth).
 26095 | D:15     | Found a staircase to the Depths.
 26298 | D:15     | 26298 ||| PLANNING ORC
 26468 | Orc:1    | Entered Level 1 of the Orcish Mines
 26472 | Orc:1    | 26472 ||| Stepping ~*~*~tactically~*~*~ (stealth).
 26473 | Orc:1    | Found a bloodstained altar of Trog.
 26476 | Orc:1    | Noticed Snorg
 26479 | Orc:1    | 26479 ||| Stepping ~*~*~tactically~*~*~ (stealth).
 26481 | Orc:1    | 26481 ||| INVOKING Berserk.
 26495 | Orc:1    | Killed Snorg
 26593 | Orc:1    | 26593 ||| Stepping ~*~*~tactically~*~*~ (stealth).
 26595 | Orc:1    | 26595 ||| Stepping ~*~*~tactically~*~*~ (stealth).
 26596 | Orc:1    | 26596 ||| Stepping ~*~*~tactically~*~*~ (stealth).
 26746 | Orc:1    | 26746 ||| INVOKING Berserk.
 26752 | Orc:1    | Reached skill level 11 in Shields
 27065 | Orc:2    | Entered Level 2 of the Orcish Mines
 27078 | Orc:2    | 27078 ||| STAIRDANCE
 27119 | Orc:2    | 27119 ||| Stepping ~*~*~tactically~*~*~ (stealth).
 27207 | Orc:2    | 27207 ||| Stepping ~*~*~tactically~*~*~ (stealth).
 27208 | Orc:2    | 27208 ||| Stepping ~*~*~tactically~*~*~ (stealth).
 27210 | Orc:2    | 27210 ||| Stepping ~*~*~tactically~*~*~ (stealth).
 27213 | Orc:2    | 27213 ||| Stepping ~*~*~tactically~*~*~ (stealth).
 27349 | Orc:2    | 27349 ||| Stepping ~*~*~tactically~*~*~ (stealth).
 27350 | Orc:2    | 27350 ||| Stepping ~*~*~tactically~*~*~ (stealth).
 27351 | Orc:2    | 27351 ||| Stepping ~*~*~tactically~*~*~ (hiding).
 27522 | Orc:2    | 27522 ||| INVOKING Trog's Hand.
 27523 | Orc:2    | 27523 ||| INVOKING Berserk.
 27537 | Orc:2    | Reached skill level 12 in Shields
 27548 | Orc:2    | 27548 ||| INVOKING Brothers in Arms.
 27694 | Orc:2    | Found Wilaubbe's Jewellery Boutique.
 27699 | Orc:2    | 27699 ||| BUYING ring of Diupuwy {Fire Dex+2} (434 gold).
 27699 | Orc:2    | Bought the ring of Diupuwy {Fire Dex+2} for 434 gold pieces
 27737 | Orc:2    | 27737 ||| INVOKING Trog's Hand.
 27742 | Orc:2    | 27742 ||| INVOKING Berserk.
 27934 | Orc:2    | Found Pied Zie's Distillery.
 27940 | Orc:2    | 27940 ||| BUYING potion of curing (33 gold).
 27940 | Orc:2    | Bought a potion of curing for 33 gold pieces
 27940 | Orc:2    | 27940 ||| BUYING potion of curing (33 gold).
 27940 | Orc:2    | Bought a potion of curing for 33 gold pieces
 28149 | Orc:2    | 28149 ||| Stepping ~*~*~tactically~*~*~ (stealth).
 28150 | Orc:2    | 28150 ||| Stepping ~*~*~tactically~*~*~ (stealth).
 28151 | Orc:2    | 28151 ||| Stepping ~*~*~tactically~*~*~ (stealth).
 28152 | Orc:2    | 28152 ||| Stepping ~*~*~tactically~*~*~ (stealth).
 28239 | Orc:2    | 28239 ||| Stepping ~*~*~tactically~*~*~ (hiding).
 28264 | Orc:2    | Found a staircase to the Elven Halls.
 28301 | Orc:2    | 28301 ||| INVOKING Trog's Hand.
 28307 | Orc:2    | 28307 ||| INVOKING Berserk.
 28546 | Orc:2    | 28546 ||| Stepping ~*~*~tactically~*~*~ (hiding).
 28549 | Orc:2    | 28549 ||| Stepping ~*~*~tactically~*~*~ (hiding).
 28600 | Orc:2    | 28600 ||| Stepping ~*~*~tactically~*~*~ (hiding).
 28601 | Orc:2    | 28601 ||| Stepping ~*~*~tactically~*~*~ (hiding).
 28607 | Orc:2    | 28607 ||| Stepping ~*~*~tactically~*~*~ (hiding).
 28623 | Orc:2    | 28623 ||| Stepping ~*~*~tactically~*~*~ (stealth).
 28628 | Orc:2    | 28628 ||| Stepping ~*~*~tactically~*~*~ (stealth).
 28639 | Orc:2    | 28639 ||| Stepping ~*~*~tactically~*~*~ (hiding).
 28645 | Orc:2    | Reached skill level 13 in Shields
 28661 | Orc:2    | 28661 ||| INVOKING Berserk.
 28790 | Orc:2    | 28790 ||| DRINKING 8 potions of curing.
 28790 | Orc:2    | 28790 ||| (to cure confusion)
 28794 | Orc:2    | Noticed an orc warlord
 28795 | Orc:2    | 28795 ||| INVOKING Brothers in Arms.
 28799 | Orc:2    | 28799 ||| INVOKING Trog's Hand.
 28800 | Orc:2    | 28800 ||| INVOKING Berserk.
 28804 | Orc:2    | Killed an orc warlord
 28835 | Orc:2    | 28835 ||| INVOKING Brothers in Arms.
 28898 | Orc:2    | Found Ymaebyp's Magic Scroll Shop.
 28902 | Orc:2    | 28902 ||| INVOKING Berserk.
 29030 | Orc:2    | 29030 ||| BUYING scroll of enchant weapon (105 gold).
 29030 | Orc:2    | Bought a scroll of enchant weapon for 105 gold pieces
 29030 | Orc:2    | 29030 ||| BUYING scroll of enchant weapon (105 gold).
 29030 | Orc:2    | Bought a scroll of enchant weapon for 105 gold pieces
 29030 | Orc:2    | 29030 ||| BUYING scroll of teleportation (42 gold).
 29030 | Orc:2    | Bought a scroll of teleportation for 42 gold pieces
 29030 | Orc:2    | 29030 ||| BUYING scroll of teleportation (42 gold).
 29030 | Orc:2    | Bought a scroll of teleportation for 42 gold pieces
 29030 | Orc:2    | 29030 ||| BUYING scroll of teleportation (42 gold).
 29030 | Orc:2    | Bought a scroll of teleportation for 42 gold pieces
 29030 | Orc:2    | 29030 ||| READING 2 scrolls of enchant weapon.
 29030 | Orc:2    | 29030 ||| ENCHANTING +2 broad axe.
 29031 | Orc:2    | 29031 ||| READING scroll of enchant weapon.
 29031 | Orc:2    | 29031 ||| ENCHANTING +3 broad axe.
 29052 | Orc:2    | Found Peasaot's Distillery.
 29054 | Orc:2    | 29054 ||| INVOKING Berserk.
 29118 | Orc:2    | 29118 ||| BUYING potion of curing (36 gold).
 29118 | Orc:2    | Bought a potion of curing for 36 gold pieces
 29118 | Orc:2    | 29118 ||| BUYING potion of might (48 gold).
 29118 | Orc:2    | Bought a potion of might for 48 gold pieces
 29118 | Orc:2    | 29118 ||| BUYING potion of might (48 gold).
 29118 | Orc:2    | Bought a potion of might for 48 gold pieces
 29298 | Orc:1    | Noticed Gastronok
 29299 | Orc:1    | 29299 ||| Stepping ~*~*~tactically~*~*~ (hiding).
 29305 | Orc:1    | 29305 ||| Stepping ~*~*~tactically~*~*~ (hiding).
 29320 | Orc:1    | Killed Gastronok
 29321 | Orc:1    | Reached skill level 14 in Shields
 29619 | Orc:1    | 29619 ||| PLANNING SNAKE:1-3
 29786 | Snake:1  | Entered Level 1 of the Snake Pit
 29827 | Snake:1  | 29827 ||| Stepping ~*~*~tactically~*~*~ (hiding).
 29830 | Snake:1  | 29830 ||| INVOKING Berserk.
 30146 | Snake:1  | 30146 ||| Stepping ~*~*~tactically~*~*~ (hiding).
 30148 | Snake:1  | 30148 ||| Stepping ~*~*~tactically~*~*~ (hiding).
 30149 | Snake:1  | 30149 ||| Stepping ~*~*~tactically~*~*~ (hiding).
 30150 | Snake:1  | 30150 ||| Stepping ~*~*~tactically~*~*~ (hiding).
 30269 | Snake:1  | Found Naez's Armour Boutique.
 30339 | Snake:1  | 30339 ||| Stepping ~*~*~tactically~*~*~ (hiding).
 30465 | Snake:1  | Found Voll's General Store.
 30476 | Snake:1  | Identified the ring of Fausuen {Ice Dex+4 Stlth+}
 30487 | Snake:1  | 30487 ||| BUYING potion of heal wounds (90 gold).
 30487 | Snake:1  | Bought a potion of heal wounds for 90 gold pieces
 30487 | Snake:1  | 30487 ||| BUYING potion of mutation (144 gold).
 30487 | Snake:1  | Bought a potion of mutation for 144 gold pieces
 30495 | Snake:1  | Found a transporter.
 30607 | Snake:1  | 30607 ||| Stepping ~*~*~tactically~*~*~ (hiding).
 30608 | Snake:1  | 30608 ||| Stepping ~*~*~tactically~*~*~ (hiding).
 30730 | Snake:1  | Found a transporter.
 31049 | Snake:1  | Noticed Donald
 31050 | Snake:1  | 31050 ||| Stepping ~*~*~tactically~*~*~ (hiding).
 31051 | Snake:1  | 31051 ||| INVOKING Brothers in Arms.
 31055 | Snake:1  | 31055 ||| INVOKING Berserk.
 31060 | Snake:1  | Reached skill level 15 in Shields
 31068 | Snake:1  | Killed Donald
 31266 | Snake:1  | Found Subojegy's General Store.
 31271 | Snake:1  | 31271 ||| BUYING potion of heal wounds (75 gold).
 31271 | Snake:1  | Bought a potion of heal wounds for 75 gold pieces
 31271 | Snake:1  | 31271 ||| BUYING potion of resistance (150 gold).
 31271 | Snake:1  | Bought a potion of resistance for 150 gold pieces
 31505 | Snake:1  | Noticed Aizul
 31506 | Snake:1  | 31506 ||| INVOKING Trog's Hand.
 31507 | Snake:1  | 31507 ||| INVOKING Berserk.
 31522 | Snake:1  | Killed Aizul
 31523 | Snake:1  | Reached XP level 16. HP: 156/156 MP: 15/15
 31636 | Snake:1  | Found Exycih's Jewellery Shop.
 31646 | Snake:1  | Found Peureur's Book Shoppe.
 31654 | Snake:1  | 31654 ||| DROPPING +1 chain mail of fire resistance.
 31752 | Snake:2  | 31752 ||| INVOKING Berserk.
 31767 | Snake:2  | Reached skill level 16 in Shields
 31773 | Snake:2  | 31773 ||| STAIRDANCE
 32000 | Snake:2  | 32000 ||| Stepping ~*~*~tactically~*~*~ (hiding).
 32013 | Snake:2  | 32013 ||| Stepping ~*~*~tactically~*~*~ (stealth).
 32017 | Snake:2  | 32017 ||| INVOKING Berserk.
 32031 | Snake:2  | 32031 ||| INVOKING Brothers in Arms.
 32032 | Snake:2  | 32032 ||| INVOKING Brothers in Arms.
 32047 | Snake:2  | HP: 39/156 [naga sharpshooter/arrow (21)]
 32048 | Snake:2  | 32048 ||| READING 10 scrolls of teleportation.
 32049 | Snake:2  | 32049 ||| DRINKING 3 potions of heal wounds.
 32049 | Snake:2  | HP: 18/156 [naga warrior/+0 mace (20)]
 32050 | Snake:2  | 32050 ||| DRINKING 2 potions of heal wounds.
 32051 | Snake:2  | 32051 ||| DRINKING potion of heal wounds.
 32055 | Snake:2  | HP: 39/156 [anaconda (3)]
 32056 | Snake:2  | 32056 ||| READING 9 scrolls of teleportation.
 32060 | Snake:2  | 32060 ||| READING 8 scrolls of teleportation.
 32061 | Snake:2  | HP: 32/156 [constriction (2)]
 32085 | Snake:2  | 32085 ||| Stepping ~*~*~tactically~*~*~ (stealth).
 32224 | Snake:2  | 32224 ||| INVOKING Berserk.
 32383 | Snake:2  | 32383 ||| FLEEEEING.
 32384 | Snake:2  | 32384 ||| FLEEEEING.
 32385 | Snake:2  | 32385 ||| FLEEEEING.
 32386 | Snake:2  | 32386 ||| FLEEEEING.
 32387 | Snake:2  | 32387 ||| FLEEEEING.
 32408 | Snake:2  | Reached skill level 17 in Shields
 32414 | Snake:2  | 32414 ||| FLEEEEING.
 32461 | Snake:2  | 32461 ||| Stepping ~*~*~tactically~*~*~ (stealth).
 32544 | Snake:2  | 32544 ||| Stepping ~*~*~tactically~*~*~ (stealth).
 32546 | Snake:2  | 32546 ||| Stepping ~*~*~tactically~*~*~ (hiding).
 32547 | Snake:2  | 32547 ||| INVOKING Berserk.
 32949 | Snake:2  | 32949 ||| INVOKING Berserk.
 33194 | Snake:1  | 33194 ||| BUYING +0 chain mail of the Eight Coins {Will+
                  | Str+3 Slay+6} (777 gold).
 33194 | Snake:1  | Bought the +0 chain mail of the Eight Coins {Will+ Str+3
                  | Slay+6} for 777 gold pieces
 33194 | Snake:1  | 33194 ||| UPGRADING to +0 chain mail of the Eight Coins
                  | {Will+ Str+3 Slay+6}.
 33204 | Snake:1  | 33204 ||| DROPPING +0 plate armour.
 33218 | Snake:3  | 33218 ||| READING scroll of enchant weapon.
 33218 | Snake:3  | 33218 ||| ENCHANTING +4 broad axe.
 33229 | Snake:3  | 33229 ||| INVOKING Berserk.
 33353 | Snake:3  | 33353 ||| INVOKING Berserk.
 33520 | Snake:3  | 33520 ||| Stepping ~*~*~tactically~*~*~ (hiding).
 33524 | Snake:3  | 33524 ||| INVOKING Berserk.
 33716 | Snake:3  | 33716 ||| Stepping ~*~*~tactically~*~*~ (hiding).
 33723 | Snake:3  | 33723 ||| Stepping ~*~*~tactically~*~*~ (hiding).
 33783 | Snake:3  | Reached skill level 18 in Shields
 33816 | Snake:3  | 33816 ||| INVOKING Berserk.
 33966 | Snake:3  | 33966 ||| Stepping ~*~*~tactically~*~*~ (hiding).
 34030 | Snake:3  | 34030 ||| Stepping ~*~*~tactically~*~*~ (stealth).
 34031 | Snake:3  | 34031 ||| Stepping ~*~*~tactically~*~*~ (stealth).
 34046 | Snake:3  | 34046 ||| INVOKING Berserk.
 34159 | Snake:3  | 34159 ||| INVOKING Berserk.
 34241 | Snake:3  | 34241 ||| Stepping ~*~*~tactically~*~*~ (hiding).
 34252 | Snake:3  | 34252 ||| Stepping ~*~*~tactically~*~*~ (hiding).
 34297 | Snake:3  | 34297 ||| Stepping ~*~*~tactically~*~*~ (stealth).
 34299 | Snake:3  | 34299 ||| Stepping ~*~*~tactically~*~*~ (hiding).
 34301 | Snake:3  | Noticed Saint Roka
 34302 | Snake:3  | 34302 ||| INVOKING Brothers in Arms.
 34313 | Snake:3  | 34313 ||| INVOKING Berserk.
 34320 | Snake:3  | Reached skill level 19 in Shields
 34325 | Snake:3  | Killed Saint Roka
 34670 | Snake:3  | 34670 ||| PLANNING SWAMP:1-3
 34670 | Snake:3  | 34670 ||| DROPPING ring of willpower.
 34824 | Swamp:1  | Entered Level 1 of the Swamp
 34824 | Swamp:1  | Noticed Frances
 34825 | Swamp:1  | 34825 ||| Stepping ~*~*~tactically~*~*~ (hiding).
 34826 | Swamp:1  | 34826 ||| INVOKING Brothers in Arms.
 34827 | Swamp:1  | 34827 ||| INVOKING Berserk.
 34831 | Swamp:1  | Killed Frances
 34863 | Swamp:1  | 34863 ||| SWAPPING to -2 demon whip of venom.
 34869 | Swamp:1  | 34869 ||| SWAPPING to +5 broad axe.
 34881 | Swamp:1  | 34881 ||| Stepping ~*~*~tactically~*~*~ (stealth).
 34883 | Swamp:1  | 34883 ||| Stepping ~*~*~tactically~*~*~ (stealth).
 35112 | Swamp:1  | 35112 ||| INVOKING Berserk.
 35482 | Swamp:1  | 35482 ||| Stepping ~*~*~tactically~*~*~ (water).
 35552 | Swamp:1  | 35552 ||| INVOKING Berserk.
 35758 | Swamp:1  | 35758 ||| UPGRADING to +2 pair of gloves.
 35768 | Swamp:1  | 35768 ||| DROPPING +1 pair of gloves.
 35769 | Swamp:1  | 35769 ||| READING 20 scrolls of identify.
 35769 | Swamp:1  | 35769 ||| IDENTIFYING smoky golden potion
 35770 | Swamp:1  | 35770 ||| DROPPING potion of degeneration.
 35798 | Swamp:2  | 35798 ||| Stepping ~*~*~tactically~*~*~ (stealth).
 35803 | Swamp:2  | 35803 ||| Stepping ~*~*~tactically~*~*~ (water).
 35893 | Swamp:2  | 35893 ||| INVOKING Berserk.
 35903 | Swamp:2  | Reached skill level 18 in Fighting
 35916 | Swamp:2  | HP: 38/157 [acid (8)]
 35917 | Swamp:2  | 35917 ||| READING 8 scrolls of teleportation.
 35918 | Swamp:2  | HP: 14/157 [acid (11)]
 35920 | Swamp:2  | 35920 ||| READING 7 scrolls of teleportation.
 35920 | Swamp:2  | HP: 6/157 [swamp worm (1)]
 35924 | Swamp:2  | 35924 ||| READING 6 scrolls of teleportation.
 35924 | Swamp:2  | HP: 1/157 [goliath frog (7)]
 35924 | Swamp:2  | Splashed by a goliath frog's acid

Levels and vault maps discovered:
D:1:      dpeg_arrival_simpleton_a, layout_basic,
          shapermc_ecumenical_altar_pompeii, minmay_tripent
D:2:      layout_loops_ring
D:3:      layout_loops_ring, minmay_misc_feat_encased
D:4:      layout_cave_pools, amcnicky_altar_gilded,
          gammafunk_ghost_abyssal_escape
D:5:      layout_cave_pods, lemuel_coloured_pillars_altar, minmay_door_square
D:6:      nicolae_cairo_tiling_large, layout_cave_pods, zin_angel
D:7:      layout_gridville, mainiacjoe_overflow_concentric_impassable,
          grunt_gozag_statues, minmay_temple_entry_drinking_statues,
          serial_shops, shop
D:8:      layout_rooms, due_lair_maze_entry_diamond
D:9:      layout_cave_pools, minmay_orc_entry_temple_small,
          nicolae_shop_clearance
D:10:     layout_basic, vehumet_altar_wand_db, mainiacjoe_overflow_chevrons,
          gammafunk_temple_overflow_forgotten, enter_bailey_3
D:11:     layout_cave_pools, serial_bayou, serial_bayou_crossing,
          serial_bayou_pond_e, serial_bayou_pond_a, serial_bayou_shore_a
D:12:     layout_long_grid, nrook_uturn
D:13:     orc_temple, layout_cave_pools, grunt_vaults_entry_tiered,
          maelrawn_ghost_gauntlet_escape, uniq_nessos
D:14:     layout_basic, chequers_serial_rivers_small_b, minmay_misc_feat_pillars
D:15:     grunt_enter_depths_magical_seal, layout_loops_corners,
          minmay_misc_feat_roman, nicolae_two_hexagons, uniq_agnes
Lair:1:   layout_misc_corridors, gammafunk_ghost_grave, uniq_amaemon,
          uniq_maggie, uniq_prince_ribbit2
Lair:2:   layout_concentric_octagons, palyth_hydra_swamp_entry, special_room
          [special_room_bee], portal_ice_cave_rime, serial_bayou_ford_a,
          uniq_harold
Lair:3:   layout_roguey, minmay_snake_entry_guardpost_large, st_stairs_8,
          kennysheep_abandoned_house
Lair:4:   minmay_lair_venomous_thicket, layout_small_grid, minmay_lindwurm_lava
Lair:5:   hangedman_lair_tendril_chambers, layout_regular_city, slime_entry_1,
          gauntlet_entry_generic
Swamp:1:  layout_basic_swamp, evilmike_swamp_ruin_rubble_2,
          infiniplex_staircase_pool, uniq_frances
Swamp:2:  layout_falls_marsh, evilmike_swamp_ruin_house_2
Snake:1:  gammafunk_sealed_arena, layout_chambers, serial_shops,
          nicolae_shop_waterfront, nicolae_take_the_stairs,
          nicolae_shop_advertising_works [nicolae_subvault_shop_adworks],
          nicolae_shop_hallway_plus, shop, uniq_aizul, uniq_donald
Snake:2:  layout_misc_corridors
Snake:3:  layout_misc_corridors, uniq_saint_roka
Orc:1:    layout_diamond_mine, basic_altar, uniq_snorg, uniq_gastronok
Orc:2:    pubby_orc_utopia

Skill      XL: |  1  2  3  4  5  6  7  8  9 10 11 12 13 14 15 16 |
---------------+-------------------------------------------------+-----
Axes           | 4 5 6 7 9 10 12 14 16 18 | 18.0
Throwing       | 1 3 4 5 6 7 8 |  8.0
Fighting       | 4 6 7 9 10 11 13 15 17 18 | 18.0
Armour         | 4 5 6 8 12 14 15 | 15.0
Dodging        | 3 4 5 6 7 8 |  8.0
Shields        | 7 15 19 | 19.6

Action                   |  1- 3 |  4- 6 |  7- 9 | 10-12 | 13-15 | 16-18 || total
-------------------------+-------+-------+-------+-------+-------+-------++-------
Melee: Hand axe          |    64 |   100 |    16 |       |       |       ||   180
       Headbutt          |     9 |     8 |    34 |    93 |   249 |    86 ||   479
       Punch             |       |     1 |     6 |     4 |     9 |       ||    20
       War axe           |       |       |   172 |   126 |       |       ||   298
       Broad axe         |       |       |       |   293 |  1099 |   340 ||  1732
       Demon whip        |       |       |       |     7 |       |     5 ||    12
Throw: Javelin           |    31 |    40 |    19 |    73 |   146 |    21 ||   330
       Boomerang         |       |       |    12 |    21 |     7 |       ||    40
Invok: Berserk           |     1 |     5 |    10 |    18 |    31 |    16 ||    81
       Brothers in Arms  |       |       |       |     3 |    10 |     3 ||    16
       Trog's Hand       |       |       |       |       |     8 |       ||     8
  Use: Scroll            |     8 |    11 |     7 |     9 |     9 |     8 ||    52
       Potion            |       |       |     1 |     2 |     6 |     3 ||    12
 Stab: Petrified         |       |       |       |       |     2 |       ||     2
       Distracted        |       |       |       |       |     1 |       ||     1
Armor: Animal skin       |     6 |       |       |       |       |       ||     6
       Scale mail        |     9 |    31 |    16 |       |       |       ||    56
       Chain mail        |       |       |    67 |   133 |       |    52 ||   252
       Plate armour      |       |       |       |    95 |   507 |    61 ||   663
Dodge: Dodged            |    28 |    47 |    68 |   189 |   249 |    62 ||   643
Block: Other             |       |       |       |     1 |    92 |       ||    93
       Reflection        |       |       |       |       |    52 |    46 ||    98
       Tower shield      |       |       |       |       |   561 |   417 ||   978

Table legend:
 A = Non-vault XP
 B = Vault XP
 C = Vault XP percentage of total XP
 D = Non-vault monster count
 E = Vault monster count
 F = Vault count percentage of total count
                 A         B        C        D         E       F
            +---------+---------+-------+---------+---------+-------
      Total |  132325 |   80924 |  37.9 |     590 |     366 |  38.3
            +---------+---------+-------+---------+---------+-------
        D:1 |      56 |       3 |   5.1 |      28 |       2 |   6.7
        D:2 |      47 |       0 |   0.0 |      17 |       0 |   0.0
        D:3 |      42 |       0 |   0.0 |      18 |       0 |   0.0
        D:4 |     306 |       0 |   0.0 |      24 |       0 |   0.0
        D:5 |    1014 |       0 |   0.0 |      28 |       0 |   0.0
        D:6 |     709 |       0 |   0.0 |      18 |       0 |   0.0
        D:7 |    1534 |       0 |   0.0 |      32 |       0 |   0.0
        D:8 |    4332 |    1235 |  22.2 |      58 |      12 |  17.1
        D:9 |    1473 |     498 |  25.3 |      16 |      11 |  40.7
       D:10 |    2540 |      10 |   0.4 |      16 |       5 |  23.8
       D:11 |    2715 |       0 |   0.0 |      23 |       0 |   0.0
       D:12 |    6736 |       0 |   0.0 |      17 |       0 |   0.0
       D:13 |    6681 |   14804 |  68.9 |      23 |      52 |  69.3
       D:14 |    9421 |       0 |   0.0 |      23 |       0 |   0.0
       D:15 |   10194 |    5064 |  33.2 |      28 |      10 |  26.3
     Lair:1 |    1527 |    2370 |  60.8 |       6 |       6 |  50.0
     Lair:2 |    5258 |    5681 |  51.9 |      22 |      29 |  56.9
     Lair:3 |    1692 |    2026 |  54.5 |       8 |      20 |  71.4
     Lair:4 |    4265 |    1973 |  31.6 |      11 |      12 |  52.2
     Lair:5 |    3441 |   10922 |  76.0 |      13 |      36 |  73.5
    Swamp:1 |    7915 |    1552 |  16.4 |      18 |       1 |   5.3
    Swamp:2 |    5932 |       0 |   0.0 |      10 |       0 |   0.0
    Snake:1 |   11235 |    2569 |  18.6 |      20 |       2 |   9.1
    Snake:2 |   18920 |       0 |   0.0 |      34 |       0 |   0.0
    Snake:3 |   20482 |    4282 |  17.3 |      44 |      14 |  24.1
      Orc:1 |    3858 |    2533 |  39.6 |      35 |       3 |   7.9
      Orc:2 |       0 |   18581 | 100.0 |       0 |     139 | 100.0
   Gauntlet |       0 |    6821 | 100.0 |       0 |      12 | 100.0
            +---------+---------+-------+---------+---------+-------
